 Dungeon Crawl Stone Soup version 0.31.0-32-g396128a36d (webtiles) character file.

Game seed: 14932644470238176434

120115 theswoord the Fighter (level 16, 0/134 HPs)
             Began as a Demonspawn Gladiator on Apr 1, 2024.
             Was the Champion of Jiyva.
             Slain by a merfolk
             ... wielding a +1 heavy trident
             ... led by a merfolk aquamancer
              (7 damage)
             ... on level 2 of the Shoals on Apr 23, 2024.
             The game lasted 00:44:15 (18311 turns).

theswoord the Fighter (Demonspawn Gladiator)       Turns: 18311, Time: 00:44:15

Health: 0/134      AC: 27    Str: 18 (19) XL:     16   Next: 6%
Magic:  16/16      EV: 10    Int:  8 (9)  God:    Jiyva [******]
Gold:   1474       SH: 12    Dex: 15 (18) Spells: 15/15 levels left

rFire   + . .        l - +9 spear of the Crawling Thing {freeze, rC+ Str+2 Int-4}
rCold   + + .        J - +0 kite shield {reflect}
rNeg    . . .        K - +3 plate armour {rF+}
rPois   +            (helmet restricted)
rElec   +            n - +1 cloak
rCorr   +            (gloves unavailable)
SInv    .            o - +0 pair of boots
Will    +....        u - amulet of regeneration Stlth
                     s - ring of protection from cold
HPRegen 2.82/turn    (no ring)
MPRegen 0.95/turn

%: reflection
@: sanguine armoured, hasted, very quick
A: claws 3, ignite blood 3, spiny 2, sanguine armour 2, beak, talons 1, clever
1, passive freeze, poison resistance, shaggy fur 1, electricity resistance,
acidic bite, gelatinous body 1, pseudopods 3, tendrils, jelly sensing items,
jelly absorbing missiles, MP-powered wands
a: Renounce Religion, Oozemancy, Slimify


You were on level 2 of the Shoals.
You worshipped Jiyva.
Jiyva was exalted by your worship.
You visited 4 branches of the dungeon, and saw 24 of its levels.
You also visited: Bailey.

You collected 1762 gold pieces.
You spent 288 gold pieces at shops.

Inventory:

Hand Weapons
 i - a +2 vampiric glaive
 l - the +9 spear of the Crawling Thing (weapon) {freeze, rC+ Str+2 Int-4}
   (You found it on level 2 of the Dungeon)

   Str+2:     It affects your strength (+2).
   Int-4:     It affects your intelligence (-4).
   rC+:       It protects you from cold.
Armour
 n - a +1 cloak (worn)
 o - a +0 pair of boots (worn)
 t - a +1 helmet
 J - a +0 kite shield of reflection (worn)
 K - a +3 plate armour of fire resistance (worn)
 M - the +0 scale mail "Xefeexati" {rF+++ rCorr MP-9 Int-3}
   (You found it on level 12 of the Dungeon)

   Int-3:     It affects your intelligence (-3).
   rF+++:     It renders you almost immune to fire.
   MP-9:      It affects your magic capacity (-9).
   rCorr:     It protects you from acid and corrosion.
 Q - +0 ice dragon scales
Jewellery
 s - a ring of protection from cold (left claw)
 u - an amulet of regeneration (around neck)
Wands
 a - a wand of roots (19)
 w - a wand of digging (5)
 x - a wand of paralysis (10)
Scrolls
 b - 2 scrolls of enchant armour
 c - 3 scrolls of immolation
 d - a scroll of amnesia
 e - 5 scrolls of blinking
 h - 4 scrolls of teleportation
 m - 4 scrolls of vulnerability
 p - a scroll of noise
 r - 3 scrolls of revelation
 y - a scroll of summoning
 E - 4 scrolls of fear
 F - a scroll of poison
 N - 2 scrolls of enchant weapon
 O - 4 scrolls of identify
Potions
 f - 3 potions of curing
 g - a potion of lignification
 q - 2 potions of brilliance
 v - 2 potions of mutation
 z - 2 potions of magic
 A - a potion of attraction
 B - 2 potions of cancellation
 G - a potion of berserk rage
 H - a potion of might {unknown}
 I - 3 potions of heal wounds {unknown}


   Skills:
 + Level 14.6 Fighting
 + Level 14.1(14.7) Polearms
 - Level 7.1(11.5) Staves
 - Level 1.7 Throwing
 + Level 10.6 Armour
 + Level 11.0 Dodging
 + Level 10.6 Shields


You had 15 spell levels left.
You didn't know any spells.
Your spell library contained the following spells:

 Spells                   Type           Power      Damage    Failure   Level
 Kiss of Death            Conj/Necr      0%         2d5       100%        1
 Magic Dart               Conj           0%         1d3       100%        1
 Slow                     Hex            0%         N/A       100%        1
 Mercury Vapours          Alch/Air       0%         N/A       100%        2
 Swiftness                Air            0%         N/A       100%        3
 Animate Armour           Summ/Erth      0%         N/A       100%        4
 Arcjolt                  Conj/Air       0%         1d10      100%        5
 Conjure Ball Lightning   Conj/Air       0%         3x3d6     100%        6
 Eringya's Noxious Bog    Alch           0%         4d6       100%        6
 Plasma Beam              Fire/Air       0%         2x1d10    100%        6
 Lehudib's Crystal Spear  Conj/Erth      0%         10d2      100%        8


Dungeon Overview and Level Annotations

Branches:
Dungeon (15/15)            Temple (0/1) D:5            Lair (5/5) D:10
 Shoals (2/4) Lair:3        Snake (0/4) Lair:2        Slime (0/5) Lair:4
    Orc (2/2) D:9             Elf (0/3) Orc:2        Vaults (0/5) D:13
 Depths (0/4) D:15         Bailey (visited)

Altars:
Fedhas
Hepliaklqana
Makhleb
Sif Muna
Trog
Vehumet
Jiyva

Shops:
D:4 :   D:5 ?   D:10 *   Orc:2 *(=(*   Shoals:2 !

Annotations:
Shoals:2 Polyphemus


Innate Abilities, Weirdness & Mutations

You have claws for hands.
Your demonic aura causes all spilled blood to erupt in flames.
You are mostly covered in sharp spines.
When seriously injured, your blood forms thick armour. (AC +9)
You have a beak for a mouth.
You have sharp toenails.
Your mind is acute. (Int +4, Str/Dex -1)
A frigid envelope surrounds you and freezes all who hurt you.
Your system is resistant to poisons. (rPois)
You are covered in fur. (AC +1)
You are resistant to electric shocks. (rElec)
You have acidic saliva.
Your rubbery body absorbs attacks. (AC +1, EV +1)
Armour fits poorly on your massive pseudopods.
You are covered in slimy tendrils that may disarm your opponents.
You have a small jelly attached to you that senses nearby items.
You have a small jelly attached to you that may absorb projectiles.
You expend magic power (3 MP) to strengthen your wands.


Message History

* * * LOW HITPOINT WARNING * * *
Polyphemus is very cold.
Polyphemus is lightly wounded.
The merfolk hits you from afar with a +1 heavy trident.
* * * LOW HITPOINT WARNING * * *
The merfolk throws a boomerang.
The boomerang hits you but does no damage.
You struggle against the net.
You feel very sick.
The snapping turtle bites you but does no damage.
Polyphemus is engulfed in a cloud of scalding steam.
Polyphemus hits you!
* * * LOW HITPOINT WARNING * * *
Polyphemus is very cold.
Polyphemus is moderately wounded.
Polyphemus hits you but does no damage.
Polyphemus is very cold.
Polyphemus is moderately wounded.
You rip the net and break free!
You feel sick.
The merfolk throws a boomerang.
You block the boomerang with your +0 kite shield of reflection... and reflect it back!
The boomerang closely misses the merfolk.
The merfolk hits you from afar with a +1 heavy trident!
* * * LOW HITPOINT WARNING * * *
Jiyva says: Divide and consume!
You feel better. Polyphemus is struck by your spines. Polyphemus hits you!
* * * LOW HITPOINT WARNING * * *
Polyphemus is very cold.
Polyphemus is moderately wounded.
You block Polyphemus's attack. You block the snapping turtle's attack.
The merfolk hits you from afar with a +2 trident of venom.
* * * LOW HITPOINT WARNING * * *
You feel better. Polyphemus is struck by your spines. Polyphemus hits you!
* * * LOW HITPOINT WARNING * * *
Polyphemus is very cold.
Polyphemus is heavily wounded.
Polyphemus closely misses you.
It was a potion of degeneration.
There was something very wrong with that liquid.
You feel weakened.
You feel dopey.
You feel clumsy.
The merfolk hits you from afar with a +1 heavy trident!
You die...

~~~~~~~~≈≈≈≈≈≈≈~~.# **,,,~~~~~~~~
~~~~~~~~≈≈≈≈≈≈≈≈~.# ***,,~~~~~~~
~~~~~~~~≈≈≈≈≈≈≈~~~## **,,,~~~~~
~~~~~~~~≈≈≈≈≈≈PP~~.# ***#,,,,,~~~
~~~~~~~~≈≈≈≈≈≈P~...# *,..,,,,,,~~
~~~~~~~~≈≈≈≈≈≈P.####*#...,,,,,,~~
~~~~~~~~≈≈≈≈≈P~.# **...!.,,,*,,,,
~~~~~~~~≈≈≈≈≈≈t○###....~.,****,,,
~~~~~~~~≈≈≈≈≈≈m)@.~~~~P~.,** **,,
~~~,~~~~≈≈≈≈≈≈mC~~~~~~~~~,,* **,,
~,~,,~~~≈≈≈≈≈≈≈≈≈≈≈≈≈~~~~,,***,,,
,~~~,~~~≈≈≈≈≈≈≈≈≈≈≈≈≈~~~.,,**,,,,
~~~~~~~~≈≈≈≈≈≈≈≈≈≈≈≈≈~~.~,***,,,,
~~~~~~~~≈≈≈≈≈≈≈≈≈≈≈P~~~..,* *,,,,
,,,~~,~~P~≈≈≈≈≈≈≈≈≈P~~~~~,***,,,,
,,,,,,~~~~≈≈≈≈≈≈≈≈≈P~~~.~,,,,,~~~
***,,~~,~~~≈~~~~~~~~~~~,,,,,,~~~~


You could see Polyphemus, a snapping turtle and 2 merfolk.

Vanquished Creatures
  Agnes (D:14)
  Donald (Orc:2)
  An orc warlord (Bailey)
  An ironbound preserver (D:13)
  A dire elephant (Lair:4)
  Snorg (D:11)
  2 merfolk impalers (Shoals:1)
  A fire dragon (D:15)
  Fannar (Lair:2)
  An ice dragon (D:15)
  9 centaur warriors
  4 hydras
  A merfolk aquamancer (Shoals:2)
  A catoblepas (D:14)
  A merfolk avatar (Lair:5)
  A tengu warrior (D:14)
  11 death yaks
  8 two-headed ogres
  An alligator snapping turtle (Shoals:1)
  4 orc high priests (Orc:2)
  A sea snake (Lair:5)
  3 skysharks
  A steelbarb worm (shapeshifter) (D:14)
  4 orc knights
  4 deep elf pyromancers
  3 harpies (Shoals:1)
  4 orc sorcerers (Orc:2)
  7 ugly things
  3 fauns
  4 cyclopes
  9 manticores
  A meliai (D:9)
  34 elephants
  3 merfolk sirens
  A kobold blastminer (Orc:1)
  3 water nymphs
  2 torpor snails (Lair:5)
  4 black mambas
  8 cane toads
  2 gargoyles
  4 rime drakes
  8 komodo dragons
  An unseen horror (D:12)
  3 kobold demonologists
  5 trolls
  7 merfolk
  4 hornets
  2 polar bears
  4 wind drakes (Lair:5)
  6 dream sheep (Lair:4)
  4 snapping turtles (Shoals:1)
  18 blink frogs
  A spriggan (shapeshifter) (D:9)
  A spriggan (Lair:4)
  4 shadows
  3 wraiths
  11 wyverns
  2 centaur simulacra
  2 water elementals (Shoals:2)
  59 yaks
  A vampire (D:13)
  3 steam dragons
  An unseen horror simulacrum (D:9)
  4 basilisks
  3 wargs (Orc:2)
  10 vampire mosquitoes
  An acid dragon (D:12)
  17 water moccasins
  20 orc warriors
  3 black bears
  2 ice beasts
  3 sky beasts
  18 centaurs
  4 ogres
  15 wolves
  A kobold brigand (D:10)
  8 bullfrogs
  A gnoll sergeant (D:12)
  2 scorpions
  4 wights
  3 jellies
  11 killer bees
  A howler monkey (D:9)
  An electric eel (D:14)
  3 hounds
  2 gnoll boudas
  Crazy Yiuf (D:2)
  23 orc priests (Orc:2)
  Jessica (D:2)
  6 iguanas
  17 orc wizards
  Natasha (twice) (D:2)
  15 gnolls
  12 adders
  4 white imps
  A howler monkey simulacrum (D:9)
  3 ufetubi (D:6)
  2 dart slugs
  2 ribbon worms (D:4)
  33 orcs
  A giant cockroach (D:4)
  16 hobgoblins
  4 jackals
  2 ball pythons
  3 bats (D:1)
  8 frilled lizards (D:6)
  6 goblins
  11 kobolds
  A rat (D:1)
618 creatures vanquished.

Vanquished Creatures (collateral kills)
  A two-headed ogre (D:9)
  A boulder beetle (D:9)
  A steam dragon (D:8)
  2 ice beasts (D:9)
  A scorpion (D:6)
  2 electric eels (D:9)
8 creatures vanquished.

Vanquished Creatures (others)
  A wyvern (Lair:3)
  2 yaks
  2 water moccasins
  A centaur (D:9)
  A kobold brigand (D:10)
  2 bullfrogs (D:9)
  A wight (D:9)
  3 howler monkeys
  55 jellies
  An orc priest (Orc:2)
  4 hounds
  Natasha (D:2)
  3 orc wizards
  A shadow imp (D:6)
  A white imp (D:8)
  An ufetubus (D:6)
  A dart slug (D:2)
  A ribbon worm (D:5)
  3 orcs
  2 ball pythons
  2 endoplasms (D:2)
  5 goblins
  A hobgoblin (D:3)
  3 jackals (D:5)
  9 kobolds
  A quokka (D:2)
  A bat (D:1)
  2 frilled lizards (D:2)
  A rat (D:2)
  A spectral goblin (D:3)
113 creatures vanquished.

Grand Total: 739 creatures vanquished

Notes
Turn   | Place    | Note
-------+----------+-------------------------------------------
     0 | D:1      | theswoord the Demonspawn Gladiator began the quest for the
                  | Orb.
     0 | D:1      | Reached XP level 1. HP: 16/16 MP: 1/1
    24 | D:1      | Found a faded altar of an unknown god.
    34 | D:1      | Prayed at the altar of an unknown god.
    34 | D:1      | Became a worshipper of Jiyva Juck the Shapeless
    34 | D:1      | Reached * piety under Jiyva
   183 | D:1      | Gained mutation: When seriously injured, your blood forms
                  | armour. (AC +9) [demonic ancestry]
   183 | D:1      | Reached XP level 2. HP: 21/22 MP: 2/2
   188 | D:1      | Reached ** piety under Jiyva
   754 | D:2      | Identified the +9 spear of the Crawling Thing {freeze, rC+
                  | Str+2 Int-4}
   897 | D:2      | Noticed Natasha
   903 | D:2      | Gained mutation: You have sharp fingernails. [demonic
                  | ancestry]
   903 | D:2      | Reached XP level 3. HP: 27/27 MP: 3/3
   906 | D:2      | Killed Natasha
   953 | D:2      | Reached *** piety under Jiyva
   960 | D:2      | Noticed Natasha
   969 | D:2      | Killed Natasha
   970 | D:2      | Gained mutation: Your demonic aura sometimes causes spilled
                  | blood to erupt in flames. [demonic ancestry]
   970 | D:2      | Reached XP level 4. HP: 33/33 MP: 4/4
   981 | D:2      | Noticed Jessica
   993 | D:2      | Killed Jessica
   994 | D:2      | Reached skill level 5 in Staves
  1033 | D:2      | Killed Natasha
  1049 | D:2      | Gained mutation: You are covered in slimy tendrils that may
                  | disarm your opponents. [Jiyva's grace]
  1049 | D:2      | Gained mutation: Your rubbery body absorbs attacks. (AC +1,
                  | EV +1) [Jiyva's grace]
  1049 | D:2      | Gained mutation: Your pliable body absorbs attacks. (AC +2,
                  | EV +2) [Jiyva's grace]
  1049 | D:2      | Gained mutation: Your gelatinous body deflects attacks. (AC
                  | +3, EV +3) [Jiyva's grace]
  1148 | D:2      | Found a runed translucent door.
  1149 | D:2      | Noticed Crazy Yiuf
  1416 | D:2      | Killed Crazy Yiuf
  1417 | D:2      | Gained mutation: You are partially covered in sharp spines.
                  | [demonic ancestry]
  1417 | D:2      | Reached XP level 5. HP: 38/38 MP: 5/5
  1456 | D:3      | a ribbon worm changed into a steam dragon
  1456 | D:3      | Noticed a steam dragon
  1459 | D:3      | Killed a steam dragon
  1460 | D:3      | Reached XP level 6. HP: 7/44 MP: 6/6
  1582 | D:3      | Reached **** piety under Jiyva
  2047 | D:3      | You fall into a shaft and drop 2 floors!
  2047 | D:5      | Entered Level 5 of the Dungeon
  2171 | D:5      | Reached skill level 1 in Polearms
  2171 | D:5      | Reached XP level 7. HP: 51/51 MP: 7/7
  2200 | D:5      | Found a staircase to the Ecumenical Temple.
  2287 | D:5      | Lost mutation: Your gelatinous body deflects attacks. (AC
                  | +3, EV +3) [Jiyva's grace]
  2287 | D:5      | Gained mutation: You have large cloven feet. [Jiyva's
                  | grace]
  2287 | D:5      | Gained mutation: You have hoof-like feet. [Jiyva's grace]
  2287 | D:5      | Gained mutation: You have hooves in place of feet. [Jiyva's
                  | grace]
  2287 | D:5      | Gained mutation: Your mind is acute. (Int +4, Str/Dex -1)
                  | [Jiyva's grace]
  2312 | D:5      | Found Dalak's Magic Scroll Shop.
  2392 | D:5      | Reached ***** piety under Jiyva
  3204 | D:4      | Found Sufrao's Book Shoppe.
  3465 | D:3      | Found a hazy altar of Hepliaklqana.
  3597 | D:6      | Identified the +6 war axe "Plojy" {holy, rF+ Dex+5}
  4081 | D:6      | Found a shimmering blue altar of Sif Muna.
  4087 | D:6      | Found a bloodstained altar of Trog.
  4299 | D:6      | Lost mutation: You have hooves in place of feet. [Jiyva's
                  | grace]
  4299 | D:6      | Gained mutation: You have very sharp fingernails. [Jiyva's
                  | grace]
  4299 | D:6      | Gained mutation: You have claws for hands. [Jiyva's grace]
  4299 | D:6      | Gained mutation: You possess an exceptional clarity of
                  | mind. [Jiyva's grace]
  4299 | D:6      | Gained mutation: You expend magic power (3 MP) to
                  | strengthen your wands. [Jiyva's grace]
  4442 | D:7      | Reached XP level 8. HP: 60/60 MP: 8/8
  4489 | D:7      | Reached ****** piety under Jiyva
  4517 | D:7      | Found a flagged portal.
  4526 | Bailey   | Entered a bailey
  4612 | Bailey   | Reached skill level 5 in Polearms
  4688 | Bailey   | Reached skill level 5 in Fighting
  4760 | Bailey   | Noticed an orc warlord
  4787 | Bailey   | Killed an orc warlord
  4788 | Bailey   | Reached XP level 9. HP: 71/71 MP: 9/9
  4813 | Bailey   | Mutation became permanent: You have very sharp fingernails.
                  | [demonic ancestry]
  4813 | Bailey   | Gained mutation: You have claws for hands. [demonic
                  | ancestry]
  4813 | Bailey   | Reached XP level 10. HP: 83/83 MP: 10/10
  5217 | D:7      | Lost mutation: You have hoof-like feet. [Jiyva's grace]
  5217 | D:7      | Lost mutation: You possess an exceptional clarity of mind.
                  | [Jiyva's grace]
  5217 | D:7      | Gained mutation: You are strong-willed. (Will+) [Jiyva's
                  | grace]
  5217 | D:7      | Gained mutation: You are highly strong-willed. (Will++)
                  | [Jiyva's grace]
  5217 | D:7      | Gained mutation: You are extremely strong-willed. (Will+++)
                  | [Jiyva's grace]
  5217 | D:7      | Gained mutation: You have a somewhat thin skeletal
                  | structure. (Dex +2, Stealth+) [Jiyva's grace]
  5553 | D:8      | Reached skill level 1 in Armour
  5571 | D:8      | Noticed a two-headed ogre
  5579 | D:8      | Killed a two-headed ogre
  5580 | D:8      | Reached skill level 1 in Shields
  6239 | D:9      | Noticed a boulder beetle
  6251 | D:9      | Mutation became permanent: You have very sharp fingernails.
                  | [demonic ancestry]
  6251 | D:9      | Gained mutation: You have claws for hands. [demonic
                  | ancestry]
  6251 | D:9      | Reached XP level 11. HP: 88/90 MP: 11/11
  6264 | D:9      | Noticed a two-headed ogre
  6278 | D:9      | Killed a boulder beetle
  6285 | D:9      | Killed a two-headed ogre
  6290 | D:9      | Reached skill level 10 in Fighting
  6297 | D:9      | Noticed a two-headed ogre
  6298 | D:9      | Noticed a centaur warrior
  6306 | D:9      | Killed a two-headed ogre
  6312 | D:9      | Killed a centaur warrior
  6402 | D:9      | Reached skill level 5 in Dodging
  6473 | D:9      | Noticed a two-headed ogre
  6490 | D:9      | Killed a two-headed ogre
  6754 | D:9      | Found a staircase to the Orcish Mines.
  7047 | D:9      | Found a radiant altar of Vehumet.
  7250 | D:10     | Entered Level 10 of the Dungeon
  7250 | D:10     | Lost mutation: You are extremely strong-willed. (Will+++)
                  | [Jiyva's grace]
  7250 | D:10     | Gained mutation: You are resistant to electric shocks.
                  | (rElec) [Jiyva's grace]
  7250 | D:10     | Gained mutation: You have a pair of small horns on your
                  | head. [Jiyva's grace]
  7250 | D:10     | Gained mutation: You have a pair of horns on your head.
                  | [Jiyva's grace]
  7250 | D:10     | Gained mutation: You have a pair of large horns on your
                  | head. [Jiyva's grace]
  7375 | D:10     | Gained mutation: You are mostly covered in sharp spines.
                  | [demonic ancestry]
  7375 | D:10     | Reached XP level 12. HP: 99/99 MP: 12/12
  7462 | D:10     | Found a staircase to the Lair.
  7481 | D:10     | Reached skill level 5 in Armour
  7492 | D:10     | Reached skill level 5 in Shields
  7878 | D:10     | Found Vocyr Iloe's Assorted Antiques.
  8166 | D:11     | Noticed a two-headed ogre
  8173 | D:11     | Killed a two-headed ogre
  8377 | D:11     | Noticed a two-headed ogre
  8384 | D:11     | Killed a two-headed ogre
  8795 | D:11     | Noticed Snorg
  8810 | D:11     | Killed Snorg
  8954 | Lair:1   | Entered Level 1 of the Lair of Beasts
  8956 | Lair:1   | Lost mutation: You have a somewhat thin skeletal structure.
                  | (Dex +2, Stealth+) [Jiyva's grace]
  8956 | Lair:1   | Lost mutation: You are highly strong-willed. (Will++)
                  | [Jiyva's grace]
  8956 | Lair:1   | Lost mutation: Your pliable body absorbs attacks. (AC +2,
                  | EV +2) [Jiyva's grace]
  8956 | Lair:1   | Gained mutation: Your natural rate of healing is unusually
                  | fast. [Jiyva's grace]
  8956 | Lair:1   | Gained mutation: You heal very quickly. [Jiyva's grace]
  8956 | Lair:1   | Gained mutation: You regenerate. [Jiyva's grace]
  8956 | Lair:1   | Gained mutation: Your pliable body absorbs attacks. (AC +2,
                  | EV +2) [Jiyva's grace]
  9766 | Lair:2   | Noticed a seven-headed hydra
  9772 | Lair:2   | Killed a seven-headed hydra
  9792 | Lair:2   | Noticed Fannar
  9800 | Lair:2   | Gained mutation: When seriously injured, your blood forms
                  | thick armour. (AC +9) [demonic ancestry]
  9800 | Lair:2   | Reached XP level 13. HP: 107/107 MP: 13/13
  9807 | Lair:2   | Killed Fannar
 10049 | Lair:2   | Got the Excursus on Anemomancy
 10100 | Lair:2   | Got First Steps in Willworking
 10168 | Lair:2   | Found a staircase to the Snake Pit.
 10823 | Lair:3   | Lost mutation: You have a pair of large horns on your head.
                  | [Jiyva's grace]
 10823 | Lair:3   | Lost mutation: You are strong-willed. (Will+) [Jiyva's
                  | grace]
 10823 | Lair:3   | Lost mutation: You regenerate. [Jiyva's grace]
 10823 | Lair:3   | Gained mutation: You have a pair of large horns on your
                  | head. [Jiyva's grace]
 10823 | Lair:3   | Gained mutation: Your melee attacks may engulf your foes in
                  | ooze. [Jiyva's grace]
 10823 | Lair:3   | Gained mutation: Your flesh is heat resistant. (rF+)
                  | [Jiyva's grace]
 10823 | Lair:3   | Gained mutation: Your flesh is very heat resistant. (rF++)
                  | [Jiyva's grace]
 11056 | Lair:3   | Found a staircase to the Shoals.
 11362 | Lair:4   | Identified the +4 helmet of the First Snow {rF+ Regen+
                  | Int-3}
 11367 | Lair:4   | You fall into a shaft and drop 1 floor!
 11367 | Lair:5   | Entered Level 5 of the Lair of Beasts
 11541 | Lair:4   | Found a viscous altar of Jiyva.
 11542 | Lair:4   | Found a staircase to the Slime Pits.
 11742 | Lair:4   | Gained mutation: Your demonic aura often causes spilled
                  | blood to erupt in flames. [demonic ancestry]
 11742 | Lair:4   | Reached XP level 14. HP: 116/116 MP: 14/14
 11985 | Lair:4   | Found a radiant altar of Vehumet.
 12282 | Lair:5   | Got the Tractate on Silt and Reagents
 12286 | Lair:5   | Got an earthy gem with 632 turns to spare
 12352 | Lair:5   | Lost mutation: You have a pair of large horns on your head.
                  | [Jiyva's grace]
 12352 | Lair:5   | Lost mutation: Your flesh is very heat resistant. (rF++)
                  | [Jiyva's grace]
 12352 | Lair:5   | Lost mutation: Your pliable body absorbs attacks. (AC +2,
                  | EV +2) [Jiyva's grace]
 12352 | Lair:5   | Lost mutation: Your melee attacks may engulf your foes in
                  | ooze. [Jiyva's grace]
 12352 | Lair:5   | Gained mutation: You possess an exceptional clarity of
                  | mind. [Jiyva's grace]
 12352 | Lair:5   | Gained mutation: You have a small jelly attached to you
                  | that may absorb projectiles. [Jiyva's grace]
 12352 | Lair:5   | Gained mutation: You are agile. (Dex +4, Str/Int -1)
                  | [Jiyva's grace]
 12352 | Lair:5   | Gained mutation: You are very agile. (Dex +8, Str/Int -2)
                  | [Jiyva's grace]
 13359 | Orc:1    | Entered Level 1 of the Orcish Mines
 13514 | Orc:2    | Entered Level 2 of the Orcish Mines
 13520 | Orc:2    | Noticed Donald
 13547 | Orc:2    | Killed Donald
 13739 | Orc:2    | Gained mutation: Your demonic aura causes all spilled blood
                  | to erupt in flames. [demonic ancestry]
 13739 | Orc:2    | Reached XP level 15. HP: 93/125 MP: 15/15
 13850 | Orc:2    | Reached skill level 10 in Dodging
 13865 | Orc:2    | Found Riots's Jewellery Boutique.
 13865 | Orc:2    | Found Wixiafob's Assorted Antiques.
 13865 | Orc:2    | Found Picveh's Weapon Shop.
 13880 | Orc:2    | Found Poemuash's Antique Weapon Boutique.
 13888 | Orc:2    | Bought a fading halberd for 288 gold pieces
 13888 | Orc:2    | Identified the +0 halberd of Trauma {freeze, Will+ Dex+2}
                  | (You bought it in a shop on level 2 of the Orcish Mines)
 13933 | Orc:2    | Found Rapat's General Store.
 13935 | Orc:2    | Found a burning altar of Makhleb.
 13996 | Orc:2    | Found a staircase to the Elven Halls.
 14359 | D:12     | Lost mutation: You have large cloven feet. [Jiyva's grace]
 14359 | D:12     | Lost mutation: You have a pair of horns on your head.
                  | [Jiyva's grace]
 14359 | D:12     | Lost mutation: You possess an exceptional clarity of mind.
                  | [Jiyva's grace]
 14359 | D:12     | Lost mutation: You heal very quickly. [Jiyva's grace]
 14359 | D:12     | Gained mutation: Armour fits poorly on your pseudopods.
                  | [Jiyva's grace]
 14359 | D:12     | Gained mutation: Armour fits poorly on your large
                  | pseudopods. [Jiyva's grace]
 14359 | D:12     | Gained mutation: Armour fits poorly on your massive
                  | pseudopods. [Jiyva's grace]
 14359 | D:12     | Gained mutation: You have acidic saliva. [Jiyva's grace]
 14485 | D:12     | Identified the +0 scale mail "Xefeexati" {rF+++ rCorr MP-9
                  | Int-3}
 14673 | D:12     | Identified the +7 battleaxe of Red Wine {protect, Str+5
                  | Int-2}
 15172 | D:13     | Found a gate to the Vaults.
 15583 | D:13     | Reached skill level 10 in Armour
 15727 | D:14     | Lost mutation: You have a pair of small horns on your head.
                  | [Jiyva's grace]
 15727 | D:14     | Lost mutation: You are very agile. (Dex +8, Str/Int -2)
                  | [Jiyva's grace]
 15727 | D:14     | Lost mutation: You are agile. (Dex +4, Str/Int -1) [Jiyva's
                  | grace]
 15727 | D:14     | Lost mutation: Your natural rate of healing is unusually
                  | fast. [Jiyva's grace]
 15727 | D:14     | Lost mutation: Armour fits poorly on your massive
                  | pseudopods. [Jiyva's grace]
 15727 | D:14     | Lost mutation: Armour fits poorly on your large pseudopods.
                  | [Jiyva's grace]
 15727 | D:14     | Gained mutation: You have a small jelly attached to you
                  | that senses nearby items. [Jiyva's grace]
 15727 | D:14     | Gained mutation: Armour fits poorly on your large
                  | pseudopods. [Jiyva's grace]
 15727 | D:14     | Gained mutation: Armour fits poorly on your massive
                  | pseudopods. [Jiyva's grace]
 15727 | D:14     | Gained mutation: You are covered in fur. (AC +1) [Jiyva's
                  | grace]
 15846 | D:14     | Found a blossoming altar of Fedhas.
 15926 | D:14     | Reached skill level 10 in Shields
 16285 | D:14     | Noticed Agnes
 16293 | D:14     | Killed Agnes
 16560 | D:15     | Entered Level 15 of the Dungeon
 16836 | D:15     | Found a staircase to the Depths.
 17474 | Shoals:1 | Entered Level 1 of the Shoals
 17736 | Shoals:1 | Lost mutation: Your flesh is heat resistant. (rF+) [Jiyva's
                  | grace]
 17736 | Shoals:1 | Gained mutation: A frigid envelope surrounds you and
                  | freezes all who hurt you. [Jiyva's grace]
 17736 | Shoals:1 | Gained mutation: Your system is resistant to poisons.
                  | (rPois) [Jiyva's grace]
 17736 | Shoals:1 | Gained mutation: You have a beak for a mouth. [Jiyva's
                  | grace]
 17736 | Shoals:1 | Gained mutation: You have sharp toenails. [Jiyva's grace]
 18244 | Shoals:2 | Found Terusatt's Distillery.
 18253 | Shoals:2 | Reached XP level 16. HP: 91/134 MP: 16/16
 18286 | Shoals:2 | Noticed Polyphemus
 18309 | Shoals:2 | HP: 5/134 [merfolk/+2 trident of venom[a merfolk
                  | aquamancer] (3)]
 18311 | Shoals:2 | Slain by a merfolk

Skill      XL: |  1  2  3  4  5  6  7  8  9 10 11 12 13 14 15 |
---------------+----------------------------------------------+-----
Staves         | 3 4 5 6 7 |  7.1
Polearms       | 1 4 7 11 12 13 14 | 14.1
Fighting       | 3 6 9 10 11 12 13 14 | 14.6
Armour         | 1 4 6 8 9 10 | 10.6
Dodging        | 3 5 7 8 9 11 | 11.0
Shields        | 1 4 6 8 9 10 | 10.6
Throwing       | |  1.7

Action                     |  1- 3 |  4- 6 |  7- 9 | 10-12 | 13-15 | 16-18 || total
---------------------------+-------+-------+-------+-------+-------+-------++-------
  Melee: Quarterstaff      |    53 |    45 |       |       |       |       ||    98
         Spear             |       |     4 |   192 |   497 |  1466 |    44 ||  2203
         Kick              |       |       |    34 |    95 |       |       ||   129
         Punch             |       |       |     1 |       |       |       ||     1
         Headbutt          |       |       |       |    55 |   273 |       ||   328
         Pseudopods        |       |       |       |       |    60 |     6 ||    66
         Bite              |       |       |       |       |    38 |     3 ||    41
         Peck              |       |       |       |       |     7 |     4 ||    11
  Throw: Throwing net      |       |     3 |     2 |       |       |       ||     5
 Invoke: Oozemancy         |       |       |       |       |     3 |       ||     3
    Use: Scroll            |       |     4 |     1 |    15 |     6 |       ||    26
         Potion            |       |       |     2 |       |     1 |     4 ||     7
   Stab: Held in net/web   |       |     1 |     1 |       |       |       ||     2
         Distracted        |       |       |       |     1 |       |       ||     1
 Armour: Leather armour    |    11 |       |       |       |       |       ||    11
         Chain mail        |    25 |    25 |    81 |   214 |   291 |       ||   636
         Plate armour      |       |       |       |       |   246 |    36 ||   282
  Dodge: Dodged            |    29 |    12 |    40 |   104 |   303 |    17 ||   505
  Block: Kite shield       |       |       |       |   177 |   553 |    18 ||   748
         Reflection        |       |       |       |       |    39 |     6 ||    45

Levels and vault maps discovered:
D:1:      nzn_arrival_depleted_hourglass, layout_basic,
          ebering_ecumenical_altar_webs
D:2:      layout_loops_ring, uniq_jessica, uniq_natasha, uniq_crazy_yiuf_cottage
D:3:      layout_basic, nicolae_hepliaklqana_monster_ancestors
D:4:      layout_loops_ring, serial_shops, shop_fountains
D:5:      layout_loops_ring, minmay_temple_entry_hall, serial_shops,
          nicolae_shop_crystal, minmay_misc_feat_enclosed, st_stairs_5,
          minmay_a_box_with_orc_wizards_in_it
D:6:      layout_cave_pods, hellmonk_overflow_destroyed_library,
          chequers_serial_rivers_micro_c, minmay_lizard_king
D:7:      layout_gridville, enter_bailey_2
D:8:      layout_basic, abandoned_shop
D:9:      minmay_the_grid_plus [minmay_the_grid_gridbox,
          minmay_the_grid_outer_circle, minmay_the_grid_small_cups,
          minmay_the_grid_broken_lines, minmay_the_grid_prize_big_room],
          layout_layer_cave, vehumet_altar_wand_db, orc_0_dummy, serial_ice,
          serial_ice_i, serial_ice_g, serial_ice_o, serial_ice_n
D:10:     layout_loops_corners, minmay_lair_entry_grove, serial_shops,
          nicolae_shop_tiny_real_fake_doors
D:11:     layout_long_grid, uniq_snorg
D:12:     layout_cave_pods
D:13:     layout_stronghold, hellmonk_vaults_order_and_chaos,
          serial_column_ruins, column_ruins_columns_straight,
          column_ruins_open_medium, column_ruins_open_medium_water,
          column_ruins_open_tiny, column_ruins_columns_dead_end,
          column_ruins_corridor_dead_end, st_stairs_9
D:14:     layout_gridville, minivault_4, fedhas_altar_1, uniq_agnes
D:15:     grunt_enter_depths_hoard, layout_basic,
          hangedman_abyss_or_decor_lesser_grid
Lair:1:   layout_chaotic_city, beast_lair_carwin_2
Lair:2:   minmay_lair_venomous_thicket, layout_loops_ring, dummy_snake_entry,
          uniq_fannar
Lair:3:   layout_misc_corridors, mainiacjoe_shoals_entry_four_pools,
          dreamdust_mushroom_princess, grunt_megastairs_2, serial_bayou_shore_a
Lair:4:   mu_elephants_graveyard, layout_regular_city, slime_entry_1,
          basic_altar, nicolae_lair_grazing_beasts [nicolae_sub_lair_graze_edge,
          nicolae_sub_lair_graze_edge, nicolae_sub_lair_graze_edge,
          nicolae_sub_lair_graze_edge]
Lair:5:   gammafunk_lair_ancient_temple, layout_regular_city, lemuel_fruit_tree
Shoals:1: layout_shoals
Shoals:2: layout_shoals, serial_shops, nicolae_shop_real_fake_doors,
          portal_ice_cave_entry_dragon, nicolae_shoals_wave_tunnel,
          uniq_roxanne, uniq_polyphemus
Orc:1:    layout_caves, basic_altar
Orc:2:    st_orc_mages, layout_diamond_mine, serial_shops,
          nicolae_shop_tiny_statue_garden, abandoned_shop, bloody_makhleb,
          uniq_donald
